Map: Blackburn LE

Players

Kelazhur - Winner!

  • Race: Terran Terran

Cham

  • Race: Zerg Zerg

Event: DreamHack SC2 Masters 2021 Winter

VOD

Have the link to the VOD?

Description

Time

  • Played on: Sept. 30, 2021, 3:13 p.m.
  • Length: 12:38

All games in this series

Show
View Real Time Build Order
Export as new Build Order

Kelazhur Terran - Winner!

Build Orders: Hellion Banshee 

Get SALT Encoding   

  12  0:00  SCV  
  13  0:12  SCV  
  14  0:17  Supply Depot  
  14  0:24  SCV  
  15  0:38  SCV  
  15  0:42  Barracks  
  16  0:44  Refinery  
  16  0:50  SCV  
  17  1:02  SCV  
  18  1:15  SCV  
  19  1:29  Barracks Reactor, Orbital Command  
  19  1:39  Command Center  
  19  1:52  Supply Depot  
  19  1:54  SCV  
  20  2:05  Marine x2  
  20  2:06  SCV  
  23  2:12  Factory  
  23  2:19  SCV  
  24  2:23  Marine x2  
  24  2:29  Refinery  
  26  2:31  SCV  
  27  2:41  Marine x2  
  27  2:43  SCV  
  30  2:52  Orbital Command  
  30  2:55  SCV  
  30  2:57  Starport  
  31  3:07  Hellion x2  
  31  3:08  SCV  
  36  3:18  SCV  
  37  3:20  SCV  
  38  3:29  Marine  
  38  3:30  Hellion, SCV  
  38  3:31  Supply Depot  
  38  3:32  Hellion  
  44  3:36  Medivac  
  46  3:46  Supply Depot  
  46  3:53  SCV x2  
  46  3:55  Hellion x2  
  52  3:59  Supply Depot, Barracks Tech Lab  
  52  4:05  SCV x2  
  54  4:17  SCV x2  
  54  4:24  Hellion, Command Center  
  58  4:25  Hellion  
  58  4:29  SCV  
  62  4:31  SCV  
  62  4:41  SCV  
  62  4:43  SCV  
  64  4:51  Cloaking Field, Banshee  
  64  4:52  Barracks Tech Lab  
  66  4:53  SCV  
  66  4:55  SCV  
  68  5:02  Supply Depot  
  68  5:03  Supply Depot  
  68  5:05  SCV  
  68  5:06  Engineering Bay  
  69  5:07  SCV, Engineering Bay  
  69  5:18  SCV  
  69  5:20  Marine  
  69  5:21  Stimpack  
  69  5:25  SCV  
  69  5:27  Barracks x2  
  63  5:31  SCV  
  63  5:32  Factory Reactor  
  60  5:37  SCV  
  60  5:38  Marine  
  58  5:44  SCV, Refinery, Terran Infantry Weapons Level 1, Terran Infantry Armor Level 1  
  58  5:45  Refinery  
  58  5:48  Banshee  
  58  5:49  SCV  
  57  5:50  Orbital Command  
  57  5:56  Marine  
  58  6:01  SCV  
  59  6:07  SCV, Barracks  
  59  6:08  Barracks  
  60  6:14  Marine x3  
  60  6:16  Orbital Command  
  60  6:17  Factory Reactor  
  63  6:20  SCV  
  63  6:21  SCV  
  63  6:24  Marine x2  
  63  6:25  Armory  
  67  6:32  Marine  
  68  6:33  SCV x2  
  68  6:36  Marine x2  
  72  6:41  Marine x2  
  72  6:43  Supply Depot  
  72  6:44  Supply Depot  
  72  6:45  SCV x3  
  77  6:49  Marine  
  77  6:51  Supply Depot  
  77  6:52  Supply Depot  
  77  6:54  Marine x2  
  78  6:56  Barracks Reactor  
  78  6:57  SCV x3, Barracks Reactor, Medivac  
  78  6:58  Medivac  
  78  7:00  Combat Shield, Marine  
  88  7:02  Marine  
  88  7:08  Marine  
  90  7:09  SCV x3  
  93  7:15  Marine  
  93  7:16  Marine  
  93  7:17  Siege Tank  
  93  7:21  Supply Depot, SCV x2  
  93  7:22  Marine x2  
  102  7:23  Supply Depot  
  102  7:26  Marine  
  103  7:30  Supply Depot  
  103  7:32  Medivac x2  
  103  7:33  Marine x2  
  103  7:35  Marine  
  110  7:37  Marine x2  
  110  7:41  Marine  
  110  7:42  Terran Infantry Weapons Level 2, Terran Infantry Armor Level 2, Marine x2  
  115  7:49  Siege Tank  
  115  7:51  Marine  
  118  7:55  Marine  
  118  7:56  Marine x4  
  124  7:59  Supply Depot, Refinery x2, Marine  
  124  8:00  Marine  
  126  8:16  Marine x7  
  126  8:17  Marine  
  134  8:21  Medivac x2, Siege Tank  
  134  8:23  Marine  
  135  8:33  Marine  
  135  8:34  Marine  
  132  8:39  Marauder  
  132  8:40  Marine  
  132  8:41  Marine x5  
  141  8:47  Supply Depot  
  141  8:51  Marine  
  141  8:52  Marine  
  141  8:53  Factory, Siege Tank  
  141  8:54  Terran Vehicle Weapons Level 1  
  146  8:57  Factory  
  146  8:58  Marine x3  
  146  9:02  Marine  
  149  9:11  Marine x5  
  149  9:15  Medivac x2  
  149  9:16  Marine  
  159  9:22  Marine x3  
  161  9:28  Marine  
  161  9:29  Marine  
  159  9:34  Marine  
  159  9:36  SCV x3  
  160  9:40  Siege Tank  
  154  9:48  SCV  
  154  9:52  Marauder  
  146  9:57  Marine x8  
  149  10:01  Factory Tech Lab  
  149  10:03  Medivac x2  
  149  10:05  Supply Depot  
  149  10:06  Command Center  
  153  10:13  Marine  
  153  10:15  Siege Tank, Marine x3  
  153  10:17  Factory Tech Lab  
  153  10:18  Supply Depot  
  153  10:20  Siege Tank  
  162  10:25  Marine x5  
  167  10:28  Supply Depot  
  167  10:31  Marine  
  168  10:39  Missile Turret  
  168  10:40  Marine  
  168  10:42  Siege Tank  
  172  10:43  Medivac x2  
  172  10:45  Marine  
  172  10:46  Marine x3  
  180  10:50  Marine x2  
  180  10:56  Marauder  
  175  11:06  Marine  
  175  11:11  Siege Tank  
  167  11:12  Marine x3  
  167  11:13  Medivac, Marine x4  
  167  11:16  Marine  
  174  11:20  Siege Tank  
  174  11:23  Marine  
  175  11:30  Marine x2  
  175  11:32  Siege Tank  
  179  11:35  Marauder  
  179  11:37  SCV x3  
  179  11:38  Marine x5  
  189  11:41  Marine  
  190  11:48  Marine x2  
  190  11:49  SCV  
  193  11:56  Marauder, Medivac, Marine x2  
  199  12:04  Barracks x2  
  199  12:05  Barracks  
  199  12:07  Marine  
  183  12:13  Marine x2  
  183  12:14  Marine x5  
Show
View Real Time Build Order
Export as new Build Order

Cham Zerg 

Build Orders: Hatch First 

Get SALT Encoding   

  12  0:00  Drone  
  13  0:12  Overlord  
  13  0:19  Drone  
  14  0:31  Drone x2  
  16  0:49  Hatchery  
  15  0:52  Drone  
  15  0:56  Drone  
  17  0:59  Drone  
  18  1:12  Spawning Pool  
  18  1:14  Extractor  
  18  1:18  Drone  
  17  1:21  Drone  
  18  1:29  Drone  
  19  1:40  Drone  
  20  1:59  Queen  
  20  2:01  Queen  
  24  2:03  Zergling x4  
  26  2:13  Drone  
  26  2:14  Drone  
  28  2:15  Overlord  
  28  2:35  Drone x2  
  28  2:36  Drone x2  
  32  2:45  Hatchery  
  32  2:48  Drone x2  
  33  2:52  Queen  
  33  2:56  Drone  
  36  2:59  Overlord  
  36  3:03  Metabolic Boost  
  36  3:17  Queen  
  38  3:22  Drone  
  38  3:23  Overlord  
  38  3:25  Drone x4  
  38  3:26  Drone  
  44  3:32  Overlord  
  44  3:41  Overlord  
  44  3:48  Overlord  
  44  3:50  Queen  
  46  3:57  Queen  
  46  3:58  Drone x3  
  46  3:59  Drone x3  
  54  4:04  Queen  
  56  4:10  Overlord  
  56  4:13  Drone  
  56  4:14  Drone  
  56  4:16  Zergling x2  
  59  4:20  Zergling x4  
  61  4:26  Zergling x2  
  61  4:27  Queen  
  61  4:31  Drone x2, Zergling x4  
  65  4:33  Drone x3  
  69  4:42  Drone  
  69  4:44  Zergling x4  
  70  4:48  Evolution Chamber  
  65  4:53  Drone x3  
  69  5:02  Overlord  
  69  5:03  Overlord x2  
  69  5:09  Overlord x2  
  69  5:10  Lair  
  69  5:12  Overlord x2  
  65  5:15  Evolution Chamber  
  65  5:18  Evolution Chamber  
  65  5:19  Spore Crawler x2  
  60  5:22  Drone x2  
  60  5:24  Zergling x2  
  60  5:30  Drone  
  60  5:33  Drone x2  
  60  5:34  Drone  
  60  5:36  Evolution Chamber  
  55  5:42  Drone  
  55  5:44  Drone  
  55  5:47  Drone x2, Spore Crawler  
  55  5:48  Drone x3  
  58  5:51  Drone  
  58  5:52  Drone  
  58  5:53  Drone x2  
  58  5:56  Drone  
  63  6:01  Overlord  
  63  6:05  Drone  
  63  6:06  Zerg Missile Weapons Level 1, Zerg Ground Armor Level 1  
  63  6:10  Drone x2  
  66  6:14  Extractor  
  66  6:15  Drone  
  66  6:17  Drone x2  
  66  6:18  Drone  
  69  6:20  Drone x2  
  71  6:26  Overlord  
  71  6:27  Drone x3  
  71  6:29  Drone  
  71  6:31  Extractor  
  74  6:32  Extractor  
  74  6:33  Drone  
  74  6:34  Roach Warren  
  74  6:39  Drone  
  74  6:45  Extractor  
  74  6:46  Hatchery, Extractor  
  71  6:48  Drone x5  
  71  6:49  Drone  
  71  6:50  Drone  
  71  6:52  Drone x2  
  80  6:55  Drone x2  
  82  7:03  Drone  
  82  7:04  Overlord x2  
  82  7:05  Overseer  
  81  7:12  Drone  
  81  7:13  Drone x3  
  81  7:15  Roach x3  
  87  7:21  Drone x3  
  90  7:23  Overlord  
  90  7:29  Glial Reconstitution  
  90  7:30  Infestation Pit  
  90  7:36  Roach x5  
  99  7:37  Drone  
  99  7:40  Drone  
  99  7:42  Drone  
  99  7:43  Drone x2  
  99  7:44  Spore Crawler  
  103  7:47  Drone x2  
  103  7:48  Drone x2  
  109  7:51  Roach  
  109  7:55  Overlord  
  109  7:57  Roach x2  
  109  7:58  Roach  
  115  8:00  Drone x2  
  115  8:02  Extractor  
  115  8:03  Ravager, Extractor  
  115  8:04  Ravager x3  
  119  8:11  Roach x3  
  118  8:20  Roach  
  118  8:21  Roach x4  
  122  8:35  Drone x5  
  122  8:36  Drone x3  
  122  8:39  Roach x2  
  122  8:40  Roach x2  
  138  8:47  Drone  
  138  8:48  Drone, Zerg Missile Weapons Level 2  
  140  8:49  Zerg Ground Armor Level 2  
  140  8:52  Spore Crawler  
  140  8:54  Roach x4  
  147  9:00  Ravager x3  
  147  9:02  Overlord x2  
  144  9:12  Overlord  
  144  9:13  Overlord x2  
  144  9:17  Overlord x2  
  144  9:18  Overlord  
  144  9:25  Roach x4  
  152  9:32  Roach x6  
  153  9:42  Roach x4  
  133  9:48  Roach  
  133  9:51  Roach x4  
  129  9:57  Roach x2  
  129  10:01  Ravager x2  
  131  10:07  Drone x4  
  131  10:10  Drone  
  131  10:13  Hive  
  136  10:16  Roach x2  
  136  10:17  Roach  
  136  10:19  Ravager  
  143  10:21  Drone  
  144  10:29  Roach x2  
  144  10:30  Roach x2  
  144  10:35  Infestor x2  
  152  10:37  Ravager  
  152  10:38  Roach  
  159  10:43  Overlord  
  159  10:44  Roach  
  159  10:46  Queen x2  
  165  10:50  Overlord  
  165  10:53  Roach x2  
  167  10:57  Overlord  
  144  11:14  Drone x4  
  144  11:15  Drone x3  
  144  11:18  Roach x2  
  138  11:27  Roach x2  
  138  11:30  Ravager x2, Hatchery  
  138  11:31  Drone x3  
  146  11:34  Extractor  
  146  11:36  Roach  
  147  11:43  Roach x3  
  147  11:45  Roach  
  155  11:52  Roach x3  
  155  11:53  Ravager  
  155  11:54  Ravager  
  163  11:59  Roach  
  165  12:03  Roach x3  
  165  12:06  Roach x2  
  175  12:12  Roach x3  
  173  12:15  Roach Warren  

Tags
 
Add a new tag
Caveats
  • Supply blocks, unpowered buildings, or Contaminate may cause inaccurate times.
  • Supply counts are checked every 10 seconds.